 Dungeon Crawl Stone Soup version 0.28-a0-422-gd71735cc25 (webtiles) character file.

Game seed: 703776689039699090

373 heikuro the Shield-Bearer (level 7, -6/55 HPs)
             Began as a Formicid Fighter on Sept 8, 2021.
             Was a Follower of Qazlal.
             Mangled by an ogre (21 damage)
             ... on level 4 of the Dungeon.
             The game lasted 00:06:08 (4058 turns).

heikuro the Shield-Bearer (Formicid Fighter)        Turns: 4058, Time: 00:06:08

Health: -6/55      AC: 14    Str: 22    XL:     7   Next: 3%
Magic:  8/8        EV:  6    Int:  8    God:    Qazlal [*.....]
Gold:   139        SH:  6    Dex: 10    Spells: 6/6 levels left

rFire   . . .      SeeInvis +   t - +0 hand axe (venom)
rCold   . . .      Faith    .   c - +0 buckler
rNeg    + . .      Spirit   .   i - +1 plate armour {rN+}
rPois   .          Reflect  .   (helmet unavailable)
rElec   .          Harm     .   (no cloak)
rCorr   .          Rampage  .   (no gloves)
Will    .....                   l - +0 pair of boots
Stlth   ..........              s - amulet of magic regeneration
HPRegen 0.18/turn               (no ring)
MPRegen 0.36/turn               (no ring)

@: no status effects
A: permanent stasis, dig shafts and tunnels, antennae 3, four strong arms
a: Dig, Shaft Self, Renounce Religion


You were on level 4 of the Dungeon.
You worshipped Qazlal.
Qazlal was aware of your devotion.
You visited 1 branch of the dungeon, and saw 4 of its levels.

You collected 139 gold pieces.

Inventory:

Hand Weapons
 a - a +0 long sword
 t - a +0 hand axe of venom (weapon)
 x - a +3 rapier
Missiles
 k - 19 poisoned darts
Armour
 c - a +0 buckler (worn)
 i - a +1 plate armour of positive energy (worn)
 l - a +0 pair of boots (worn)
 v - a +2 ring mail of willpower
Jewellery
 s - an amulet of magic regeneration (around neck)
Wands
 n - a wand of paralysis (7)
Scrolls
 b - 3 scrolls of identify {unknown}
 f - a scroll of noise {unknown}
 j - a scroll of vulnerability {unknown}
 o - a scroll of immolation {unknown}
 p - a scroll of amnesia {unknown}
 r - a scroll of holy word {unknown}
 u - a scroll of brand weapon {unknown}
Potions
 d - 2 potions of might
 e - a potion of curing {unknown}
 g - a potion of lignification {unknown}
 h - a potion of degeneration {unknown}
 m - a potion of attraction {unknown}
 q - a potion of brilliance {unknown}
 w - 2 potions of magic {unknown}


   Skills:
 + Level 4.5 Fighting
 * Level 4.3 Long Blades
 + Level 4.4 Armour
 + Level 5.0 Shields
 + Level 2.2 Invocations


You had 6 spell levels left.
You didn't know any spells.
Your spell library contained the following spells:

 Spells                   Type           Power      Damage    Failure   Level
 Conjure Flame            Conj/Fire      0%         6-21      100%        3
 Ignite Poison            Fire/Tmut/Pois 0%         N/A       100%        3
 Sticky Flame             Conj/Fire      0%         2d3       100%        4


Dungeon Overview and Level Annotations

Branches:
Dungeon (4/15)
 Temple: D:4-7

Altars:
Ashenzari
Fedhas
Okawaru
Qazlal
Vehumet


Innate Abilities, Weirdness & Mutations

You cannot be hasted, slowed, berserked, paralysed or teleported.
You can dig through walls and to a lower floor.
You have a pair of large antennae on your head. (SInv)
Your four strong arms can wield two-handed weapons with a shield.


Message History

You slash the hound skeleton!
The hound skeleton is almost destroyed.
The hound skeleton bites you.
The hound skeleton bites you but does no damage.
You hit the hound skeleton.
You destroy the hound skeleton!
Qazlal accepts your kill.
Your Shields skill increases to level 5!
You have reached level 7!
Found a glowing rapier.
An ogre comes into view. It is wielding a +0 giant club.
The ogre shouts!
An ogre is nearby!
You see here a +3 rapier.
x - a +3 rapier A jelly comes into view.
x - a +3 rapier (weapon)
You block the ogre's attack.
You hit the ogre.
The ogre is lightly wounded.
You hit the ogre.
The ogre is moderately wounded.
You block the ogre's attack.
You hit the ogre.
The ogre is heavily wounded.
The ogre hits you with a +0 giant club!!
Your +0 hand axe of venom begins to drip with poison!
t - a +0 hand axe of venom (weapon)
You slash the jelly!
Your hands burn!
The jelly is moderately wounded.
You hit the ogre. The ogre hits you with a +0 giant club!
The jelly hits you but does no damage. The jelly hits you.
You are splashed with acid!
Unknown command.
You hit the ogre.
The ogre is poisoned.
The ogre is severely wounded.
You hit the jelly but do no damage.
Your hands burn!
* * * LOW HITPOINT WARNING * * *
The ogre hits you with a +0 giant club!!
You die...

### #. #.# .. #.#
#. ##.## #. ##...##
#.### ##.....##
#.#.## ##.......##
#....####.........#
#.@J...............
#.O§.####.........#
#...## ##.......##
##.## ##.....## #.#
##...## #.# ##.##
#.# #.# ####.#####
# # #........#


You could see an ogre (very poisoned) and a jelly.

Vanquished Creatures
  A phantom (D:4)
  A scorpion (D:4)
  An orc priest (D:3)
  Ijyb (D:3)
  2 iguanas
  A hound skeleton (D:4)
  3 adders
  An adder skeleton (D:4)
  3 dart slugs (D:2)
  8 orcs
  8 endoplasms
  A giant cockroach (D:2)
  7 goblins
  8 hobgoblins
  6 jackals
  3 quokkas
  6 ball pythons
  5 bats
  3 frilled lizards
  11 kobolds
  4 rats
84 creatures vanquished.

Vanquished Creatures (others)
  30 plants (D:4)
30 creatures vanquished.

Grand Total: 114 creatures vanquished

Notes
Turn   | Place    | Note
-------+----------+-------------------------------------------
     0 | D:1      | heikuro the Formicid Fighter began the quest for the Orb.
     0 | D:1      | Reached XP level 1. HP: 18/18 MP: 1/1
   325 | D:1      | Reached XP level 2. HP: 24/24 MP: 2/2
  1182 | D:1      | Reached XP level 3. HP: 29/29 MP: 3/3
  1418 | D:1      | Reached skill level 4 in Shields
  1544 | D:2      | Found a blossoming altar of Fedhas.
  1701 | D:2      | Reached XP level 4. HP: 20/37 MP: 4/4
  2271 | D:2      | Found a faded altar of an unknown god.
  2377 | D:3      | Found a blossoming altar of Fedhas.
  2379 | D:3      | Found a stormy altar of Qazlal.
  2392 | D:3      | Became a worshipper of Qazlal Stormbringer
  2731 | D:3      | Reached XP level 5. HP: 36/42 MP: 5/5
  2778 | D:3      | Noticed Ijyb
  2794 | D:3      | Killed Ijyb
  2795 | D:3      | Reached skill level 1 in Invocations
  2891 | D:3      | Found an iron altar of Okawaru.
  3188 | D:3      | Reached * piety under Qazlal
  3190 | D:3      | Reached XP level 6. HP: 34/48 MP: 7/7
  3664 | D:4      | Found a broken altar of Ashenzari.
  3777 | D:4      | Found a radiant altar of Vehumet.
  4019 | D:4      | Reached skill level 5 in Shields
  4019 | D:4      | Reached XP level 7. HP: 53/55 MP: 8/8
  4058 | D:4      | Mangled by an ogre

Illustrated notes

Levels and vault maps discovered:
D:1:      roderic_crossed_star, layout_basic, minivault_19
D:2:      layout_rooms, basic_altar, hellmonk_ecumenical_altar_prayer_group
D:3:      layout_rooms, okawaru_ov_weapons_minmay,
          grunt_temple_overflow_forces_of_nature, uniq_ijyb
D:4:      minmay_opposing_rooms, layout_loops_corners,
          mainiacjoe_overflow_small_starburst,
          mainiacjoe_overflow_cross_hatched, minitemple

Skill      XL: |  1  2  3  4  5  6 |
---------------+-------------------+-----
Shields        | 4 5 |  5.0
Long Blades    | 3 4 |  4.3
Armour         | 4 |  4.4
Fighting       | 4 |  4.5
Invocations    | 1 2 |  2.2

Action                   |  1- 3 |  4- 6 |  7- 9 || total
-------------------------+-------+-------+-------++-------
Melee: Long sword        |   120 |   185 |       ||   305
       Hand axe          |       |    38 |     2 ||    40
       Rapier            |       |       |     3 ||     3
  Use: Scroll            |       |     1 |       ||     1
Armor: Plate armour      |    80 |   182 |     1 ||   263
Dodge: Dodged            |    39 |    78 |       ||   117
Block: Buckler           |    39 |    60 |     2 ||   101

Table legend: (Time is in decaauts)
 A = Elapsed time spent in this place.
 B = Non-inter-level travel time spent in this place.
 C = Inter-level travel time spent in this place.
 D = Time resting spent in this place.
 E = Time spent auto-exploring this place.
 F = Levels seen in this place.
 G = Mean time per level.
                   A        B        C        D        E       F      G
               +--------+--------+--------+--------+--------+-----+--------+
         Total |   4147 |   4008 |    139 |    808 |   2109 |   4 | 1036.8 |
       Dungeon |   4147 |   4008 |    139 |    808 |   2109 |   4 | 1036.8 |
               +--------+--------+--------+--------+--------+-----+--------+

Top non-repeatable levels by time:
     D:1: 1476 daAuts
     D:2: 1240 daAuts
     D:3: 903 daAuts
     D:4: 526 daAuts
